 Dungeon Crawl Stone Soup version 0.29.0-10-g45618ea6d2 (webtiles) character file.

Game seed: 7965743734904852656

3857 Flugkiller the Cleaver (level 9, -3/81 HPs)
             Began as a Minotaur Fighter on Sept 1, 2022.
             Was an Elder of Cheibriados.
             Slain by a two-headed ogre
             ... wielding a +0 giant spiked club
              (26 damage)
             ... on level 9 of the Dungeon.
             The game lasted 00:03:45 (6759 turns).

Flugkiller the Cleaver (Minotaur Fighter)           Turns: 6759, Time: 00:03:45

Health: -3/81      AC: 11    Str: 31    XL:     9   Next: 99%
Magic:  11/11      EV: 14    Int: 14    God:    Cheibriados [****..]
Gold:   371        SH:  0    Dex: 22    Spells: 8/8 levels left

rFire   . . .      SeeInvis .   a - +0 war axe
rCold   . . .      Faith    .   u - orb {light}
rNeg    . . .      Spirit   .   b - +0 scale mail
rPois   .          Reflect  .   (helmet restricted)
rElec   .          Harm     .   j - +0 cloak
rCorr   .          Rampage  .   (no gloves)
Will    .....                   n - +0 pair of boots
Stlth   ..........              (no amulet)
HPRegen 0.23/turn               (no ring)
MPRegen 0.12/turn               (no ring)

@: glowing, very slow
A: horns 2, retaliatory headbutt
a: Renounce Religion, Bend Time, Temporal Distortion, Slouch


You were on level 9 of the Dungeon.
You worshipped Cheibriados.
Cheibriados was greatly pleased with you.
You visited 2 branches of the dungeon, and saw 10 of its levels.
You also visited: Ossuary.

You collected 413 gold pieces.
You spent 42 gold pieces at shops.

Inventory:

Hand Weapons
 a - a +0 war axe (weapon)
Missiles
 s - 6 boomerangs (quivered)
Armour
 b - a +0 scale mail (worn)
 c - a +0 buckler
 j - a +0 cloak (worn)
   (You found it on level 4 of the Dungeon)
 n - a +0 pair of boots (worn)
   (You found it on level 2 of the Dungeon)
 u - an orb of light (worn)
   (You found it on level 4 of the Dungeon)
Wands
 g - a wand of digging (2)
   (You took it off an orc wizard on level 10 of the Dungeon)
 A - a wand of mindburst (14)
   (You found it on level 6 of the Dungeon)
 B - a wand of charming (12)
   (You found it on level 6 of the Dungeon)
 C - a wand of light (11)
   (You took it off a gnoll on level 6 of the Dungeon)
Scrolls
 e - a scroll of brand weapon
 i - 2 scrolls of silence
 l - a scroll of magic mapping
 m - 3 scrolls of poison
 t - 4 scrolls of teleportation
 w - 2 scrolls of immolation
 y - a scroll of vulnerability
 z - a scroll of blinking
Potions
 d - 2 potions of might
 f - 3 potions of berserk rage {unknown}
 h - a potion of haste
 k - 2 potions of heal wounds {unknown}
 o - 2 potions of cancellation {unknown}
 p - 2 potions of flight {unknown}
 q - 4 potions of curing
 r - a potion of mutation {unknown}
 v - a potion of invisibility {unknown}
 x - a potion of magic {unknown}
 D - a potion of degeneration {unknown}


   Skills:
 + Level 8.3 Fighting
 * Level 10.9 Axes
 + Level 8.3 Armour
 + Level 5.2 Dodging
 - Level 3.6 Shields
 + Level 4.8 Invocations


You had 8 spell levels left.
You didn't know any spells.
Your spell library was empty.

Dungeon Overview and Level Annotations

Branches:
Dungeon (10/15)            Temple (1/1) D:5         Ossuary (visited)
   Lair: D:8-11         Orc: D:9-12

Altars:
Cheibriados
Dithmenos
Fedhas
Hepliaklqana
Kikubaaqudgha
Makhleb
Qazlal
Ru
Sif Muna
Vehumet
Wu Jian
Xom
Yredelemnul
Zin
The Shining One

Shops:
D:6 !


Innate Abilities, Weirdness & Mutations

You have a pair of horns on your head.
You reflexively headbutt those who attack you in melee.


Message History

The orc priest hits you with a +0 flail!
You hit the orc priest but do no damage.
You headbutt the orc priest.
You kill the orc priest!
Cheibriados thoroughly appreciates the change of pace.
You hit the orc wizard but do no damage.
The orc wizard hits you but does no damage.
You hit the orc wizard.
The orc wizard is lightly wounded.
The orc wizard closely misses you.
You slash the orc wizard!
You kill the orc wizard!
Cheibriados appreciates the change of pace.
No target in view!
No target in view!
No target in view!
HP restored.
Found a stone staircase leading up. 2 lemures and a bullfrog come into view.
The lemure shouts! x2; The bullfrog gives a loud, deep croak!
You hear a shout!
A lemure comes into view.
The lemure moves out of view.
There are monsters nearby!
There are monsters nearby!
You slice the bullfrog!! You headbutt the bullfrog.
You kill the bullfrog!
Cheibriados thoroughly appreciates the change of pace.
Your Dodging skill increases to level 5!
Found a morningstar.
The lemure shouts!
Pikel, Merchant of Souls comes into view.
He is wielding a +1 whip of flaming.
A lemure comes into view.
The lemure shouts!
You hit the lemure but do no damage. x2; The lemure barely misses you. x2
You barely miss the lemure. You hit the lemure but do no damage.
The lemure hits you. The lemure misses you.
You slash the lemure!
The lemure is moderately wounded.
You hit the lemure. The lemure barely misses you. The lemure hits you!
You hit the lemure.
The lemure is heavily wounded.
You slash the lemure! The lemure barely misses you.
The lemure hits you but does no damage.
You closely miss the lemure.
The lemure is heavily wounded.
You slash the lemure! The lemure misses you. You furiously retaliate!
You headbutt the lemure! You slice the lemure!!
You kill the lemure!
That felt strangely unrewarding.
You hit the lemure but do no damage. The lemure hits you.
You hit the lemure but do no damage.
The lemure is almost dead.
You completely miss the lemure. The lemure completely misses you.
You furiously retaliate!
You headbutt the lemure. You slash the lemure!
You kill the lemure!
That felt strangely unrewarding.
You slash Pikel! You hit Pikel. You headbutt Pikel.
Pikel is heavily wounded.
You hit the lemure. Pikel misses you. The lemure misses you.
You slash Pikel!
Pikel is severely wounded.
You slash the lemure! The lemure hits you but does no damage.
Pikel hits you with a +1 whip of flaming!
Pikel burns you.
You slash Pikel! You headbutt Pikel.
You kill Pikel!
Cheibriados appreciates the change of pace.
You hit the lemure.
With Pikel's spell broken, his former minions thank you for their freedom.
The lemure departs this earthly plane. x2
No target in view!
D - a fizzy orange potion
Things that are here:
a +1 whip of flaming; a +0 robe; the kobold corpse of Pikel No target in view!
No target in view!
Found a stone staircase leading up.
A two-headed ogre comes into view.
It is wielding a +0 giant spiked club and a +0 giant club.
A two-headed ogre is nearby!
A two-headed ogre is nearby!
The two-headed ogre shouts in stereo!
You hit the two-headed ogre.
The two-headed ogre is lightly wounded.
The two-headed ogre hits you with a +0 giant spiked club.
The two-headed ogre hits you with a +0 giant club!
You hit the two-headed ogre. You headbutt the two-headed ogre.
The two-headed ogre is lightly wounded.
The two-headed ogre misses you. You furiously retaliate!
You headbutt the two-headed ogre.
The two-headed ogre hits you with a +0 giant club!
You hit the two-headed ogre.
The two-headed ogre is moderately wounded.
You barely miss the two-headed ogre.
The two-headed ogre is moderately wounded.
The two-headed ogre hits you with a +0 giant spiked club!!
* * * LOW HITPOINT WARNING * * *
The two-headed ogre hits you with a +0 giant club!!
You die...

#...#... #...#..#
#<..#..# #...#..# .
#......# #.#....
...#......# #.#....
...'......# #.#....
#..O@..# #.#....
#......# #.#....
#......# #.#....
.######.########.#.#.<
...................#..
....).......#####..#..
...........)# ##....
............# ###..
............# #..


You could see a two-headed ogre.

Vanquished Creatures
  Pikel (D:9)
  A wyvern (D:10)
  5 yaks (D:10)
  2 water moccasins (D:7)
  A black bear (D:6)
  An ice beast (D:5)
  An orc warrior (D:6)
  An ogre (D:5)
  2 phantoms (D:5)
  A centaur (D:10)
  2 lemures (D:9)
  Blork the orc (D:5)
  5 bullfrogs
  2 scorpions
  4 wights (D:6)
  5 killer bees (D:10)
  A howler monkey (D:7)
  3 orc priests
  2 iguanas
  A jelly (D:5)
  7 orc wizards
  A mummy (Ossuary)
  Robin (D:2)
  6 gnolls
  14 adders
  A shadow imp (D:6)
  A white imp (D:5)
  2 ufetubi (D:5)
  3 worms
  3 dart slugs
  19 orcs
  4 spectral bats (Ossuary)
  7 ball pythons
  8 endoplasms
  5 giant cockroaches
  11 goblins
  12 hobgoblins
  3 jackals (D:2)
  7 kobolds
  7 quokkas
  8 bats
  A bat simulacrum (Ossuary)
  6 frilled lizards
  12 gnoll zombies (Ossuary)
  2 goblin simulacra (Ossuary)
  3 goblin zombies (Ossuary)
  7 hobgoblin zombies (Ossuary)
  2 kobold simulacra (Ossuary)
  3 kobold zombies (Ossuary)
  5 orc zombies (Ossuary)
  6 rats
  2 rat simulacra (Ossuary)
  2 spectral kobolds (Ossuary)
  3 spectral rats (Ossuary)
226 creatures vanquished.

Notes
Turn   | Place    | Note
-------+----------+-------------------------------------------
     0 | D:1      | Flugkiller the Minotaur Fighter began the quest for the
                  | Orb.
     0 | D:1      | Reached XP level 1. HP: 19/19 MP: 0/0
   146 | D:1      | Reached skill level 3 in Axes
   146 | D:1      | Reached XP level 2. HP: 20/27 MP: 1/1
   673 | D:1      | Reached XP level 3. HP: 33/33 MP: 2/2
   963 | D:2      | Reached skill level 4 in Axes
  1148 | D:2      | Reached XP level 4. HP: 38/41 MP: 3/3
  1212 | D:2      | Identified the +2 helmet of Hepliaklqana's Respect {-Tele
                  | Rampage +Inv rF+++}
  1212 | D:2      | Noticed Robin
  1220 | D:2      | Killed Robin
  1663 | D:2      | Reached XP level 5. HP: 47/47 MP: 4/4
  2072 | D:3      | Found a blossoming altar of Fedhas.
  2125 | D:3      | Reached skill level 5 in Axes
  2173 | D:3      | Found a hazy altar of Hepliaklqana.
  2562 | D:3      | Found a burning altar of Makhleb.
  2562 | D:3      | Found a sacrificial altar of Ru.
  2761 | D:4      | Reached skill level 5 in Fighting
  2801 | D:4      | Reached skill level 5 in Armour
  2998 | D:4      | Reached XP level 6. HP: 42/56 MP: 5/5
  3186 | D:5      | Entered Level 5 of the Dungeon
  3192 | D:5      | Found a staircase to the Ecumenical Temple.
  3196 | D:5      | Noticed Blork the orc
  3203 | D:5      | Killed Blork the orc
  3204 | D:5      | Reached skill level 6 in Axes
  3218 | Temple   | Entered the Ecumenical Temple
  3424 | Temple   | Became a worshipper of Cheibriados the Contemplative
  3475 | D:5      | Noticed an ice beast
  3479 | D:5      | Killed an ice beast
  3480 | D:5      | Reached XP level 7. HP: 30/61 MP: 6/6
  3934 | D:5      | Reached skill level 1 in Invocations
  3951 | D:5      | Reached skill level 7 in Axes
  3951 | D:5      | Reached skill level 1 in Dodging
  4348 | D:6      | Reached * piety under Cheibriados
  4349 | D:6      | HP: 3/60 [wight/+2 dire flail (1)]
  4350 | D:6      | Reached XP level 8. HP: 3/70 MP: 8/8
  4352 | D:6      | Reached skill level 8 in Axes
  4699 | D:6      | Found Tasuefioga's Distillery.
  4707 | D:6      | Bought a potion of curing for 42 gold pieces
  5340 | D:7      | Found a sand-covered staircase.
  5355 | Ossuary  | Entered an ossuary
  5451 | Ossuary  | Reached ** piety under Cheibriados
  5599 | Ossuary  | Reached skill level 9 in Axes
  5712 | Ossuary  | Reached *** piety under Cheibriados
  5819 | D:7      | Identified the +1 dagger of the Throat {flame, Contam rPois
                  | rN+ Int+7}
  5942 | D:7      | Reached XP level 9. HP: 56/79 MP: 10/10
  6165 | D:7      | Found a radiant altar of Vehumet.
  6183 | D:7      | You fall into a shaft and drop 3 floors!
  6183 | D:10     | Entered Level 10 of the Dungeon
  6185 | D:10     | Found a stormy altar of Qazlal.
  6205 | D:10     | Reached skill level 10 in Axes
  6345 | D:10     | Reached **** piety under Cheibriados
  6645 | D:9      | Reached skill level 5 in Dodging
  6645 | D:9      | Noticed Pikel
  6656 | D:9      | Killed Pikel
  6753 | D:9      | Noticed a two-headed ogre
  6759 | D:9      | Slain by a two-headed ogre

Illustrated notes

Levels and vault maps discovered:
D:1:      eino_arrival_water_cross, layout_basic
D:2:      layout_basic, uniq_robin
D:3:      layout_rooms, mainiacjoe_overflow_boulevard,
          gammafunk_temple_overflow_statue, fedhas_ov_isle_minmay,
          chequers_serial_rivers_marsh
D:4:      layout_basic
D:5:      layout_rooms, minmay_temple_entry_stoned_glass, fountainhead,
          uniq_blork_the_orc
D:6:      layout_cave_pools, serial_column_ruins, column_ruins_circle_small,
          column_ruins_square_large, column_ruins_grid_1,
          column_ruins_columns_straight, column_ruins_grid_1, serial_shops, shop
D:7:      layout_basic, nicolae_vehumet_radiance, serial_aquarium,
          aquarium_bridge_island_large [aquarium_subvault_large_open,
          aquarium_subvault_bridge, aquarium_subvault_bridge,
          aquarium_subvault_window, aquarium_subvault_wall],
          aquarium_bridge_square [aquarium_subvault_window,
          aquarium_subvault_bridge, aquarium_subvault_bridge,
          aquarium_subvault_wall], aquarium_window_1, aquarium_window_2,
          aquarium_view_2e, aquarium_balcony_5a, aquarium_pool_2,
          nicolae_ossuary_entry_ruins, corexii_leaking_fountain, uniq_joseph,
          uniq_menkaure
D:9:      layout_irregular_city, mainiacjoe_overflow_alcove_4,
          zombieorc1_lemuel, minivault_5, kennysheep_generic_room_13, uniq_pikel
D:10:     layout_long_grid, grunt_qazlal_clouds, biasface_ghost_orc_armoury
Temple:   kb_temple_of_zot

Skill      XL: |  1  2  3  4  5  6  7  8  9 |
---------------+----------------------------+-----
Axes           | 3 4 5 6 7 9 10 | 10.9
Fighting       | 4 5 6 7 8 |  8.3
Armour         | 4 5 6 7 8 |  8.3
Invocations    | 2 3 4 |  4.8
Dodging        | 2 3 5 |  5.2
Shields        | |  3.6

Action                   |  1- 3 |  4- 6 |  7- 9 || total
-------------------------+-------+-------+-------++-------
Melee: War axe           |    92 |   121 |   214 ||   427
       Headbutt          |     9 |    19 |    40 ||    68
  Use: Potion            |       |       |     3 ||     3
       Scroll            |       |       |    12 ||    12
Armor: Scale mail        |    46 |    61 |   100 ||   207
Dodge: Dodged            |    49 |    40 |   126 ||   215
Block: Buckler           |    27 |    28 |       ||    55
